IL
INDIANAPOLIS INDIANS @ RENO ACES
04/05/2047
 
TOP OF THE 1ST
Indianapolis Indians batting - Pitching for Reno Aces : RHP Marcos Tejeda
Pitching: RHP Marcos Tejeda
Batting: RHB Ron Corn 0-0: Ground out 6-3 (Groundball, 6, EV 79.4 MPH)
Batting: LHB Jorge Quintana 0-0: Ground out 3-1 (Groundball, 34S, EV 83.1 MPH)
Batting: RHB Adam Kaeser 0-0: Called Strike
0-1: Called Strike
0-2: Strikes out swinging
Top of the 1st over - 0 runs, 0 hits, 0 errors, 0 left on base; Indianapolis 0 - Reno 0
BOTTOM OF THE 1ST
Reno Aces batting - Pitching for Indianapolis Indians : RHP Ryan Sunday
Pitching: RHP Ryan Sunday
Batting: RHB Ji-an Li 0-0: Ground out 5-3 (Groundball, 56, EV 104.4 MPH)
Batting: RHB Chris Stillions 0-0: Ground out U3 (Groundball, 34, EV 90.6 MPH)
Batting: LHB Bobby Arevalo 0-0: Called Strike
0-1: Called Strike
0-2: Foul Ball, location: 2F
0-2: Foul Ball, location: 2F
0-2: Ball
1-2: DOUBLE (Flyball, 89D, EV 97.5 MPH)
Batting: LHB Ian Jarvis 0-0: Called Strike
0-1: Foul Ball, location: 2F
0-2: Ball
1-2: Strikes out swinging
Bottom of the 1st over - 0 runs, 1 hit, 0 errors, 1 left on base; Indianapolis 0 - Reno 0
TOP OF THE 2ND
Indianapolis Indians batting - Pitching for Reno Aces : RHP Marcos Tejeda
Batting: RHB Zach Chmieleski 0-0: Ball
1-0: Ball
2-0: Ball
3-0: Called Strike
3-1: Foul Ball, location: 2F
3-2: Strikes out swinging
Batting: RHB Caleb Russell 0-0: Ball
1-0: Fly out, F8 (Flyball, 8RM, EV 85.6 MPH)
Batting: RHB Chris Pozzi 0-0: Called Strike
0-1: Ball
1-1: Bunt for hit to 3S - play at first, batter OUT! 3-4
Top of the 2nd over - 0 runs, 0 hits, 0 errors, 0 left on base; Indianapolis 0 - Reno 0
Top of the 2nd over - 0 runs, 0 hits, 0 errors, 0 left on base; Indianapolis 0 - Reno 0
BOTTOM OF THE 2ND
Reno Aces batting - Pitching for Indianapolis Indians : RHP Ryan Sunday
Batting: RHB Seth Tramontano 0-0: Ball
1-0: Called Strike
1-1: Swinging Strike
1-2: Strikes out swinging
Batting: RHB Dustin Clark 0-0: Called Strike
0-1: Ball
1-1: Called Strike
1-2: Ball
2-2: Fly out, F9 (Line Drive, 9S, EV 95.0 MPH)
Batting: LHB Sam Dowdy 0-0: Ball
1-0: Foul Ball, location: 2F
1-1: Foul Ball, location: 2F
1-2: Strikes out swinging
Bottom of the 2nd over - 0 runs, 0 hits, 0 errors, 0 left on base; Indianapolis 0 - Reno 0
TOP OF THE 3RD
Indianapolis Indians batting - Pitching for Reno Aces : RHP Marcos Tejeda
Batting: RHB Richard Barrios 0-0: Ground out 5-3 (Groundball, 56S, EV 75.0 MPH)
Batting: RHB Freddy Quintero 0-0: Ball
1-0: Ground out 5-3 (Groundball, 56, EV 85.6 MPH)
Batting: RHB Slamet Pamungkas 0-0: Called Strike
0-1: Ball
1-1: Called Strike
1-2: Ball
2-2: Strikes out swinging
Top of the 3rd over - 0 runs, 0 hits, 0 errors, 0 left on base; Indianapolis 0 - Reno 0
BOTTOM OF THE 3RD
Reno Aces batting - Pitching for Indianapolis Indians : RHP Ryan Sunday
Batting: RHB Roberto Rodriguez 0-0: Called Strike
0-1: Swinging Strike
0-2: SINGLE (Groundball, 56D, EV 106.2 MPH)
Batting: RHB Marlon Reda 0-0: Ball
Wild Pitch!
Roberto Rodriguez to second
1-0: Fly out, F7 (Flyball, 78S, EV 86.2 MPH)
Batting: RHB Ji-an Li 0-0: Ball
1-0: Called Strike
1-1: Ball
2-1: Foul Ball, location: 2F
2-2: Ball
3-2: Base on Balls
Pitching: RHP Justin Jones
Batting: RHB Chris Stillions 0-0: Foul Ball, location: 2F
0-1: Ball
1-1: Foul Ball, location: 2F
1-2: Ball
2-2: Fly out, F8 (Flyball, 8RM, EV 83.8 MPH)
Batting: LHB Bobby Arevalo 0-0: Called Strike
0-1: Ball
1-1: Ground out 1-3 (Groundball, 23, EV 67.5 MPH)
Bottom of the 3rd over - 0 runs, 1 hit, 0 errors, 2 left on base; Indianapolis 0 - Reno 0
TOP OF THE 4TH
Indianapolis Indians batting - Pitching for Reno Aces : RHP Marcos Tejeda
Batting: RHB Ron Corn 0-0: Ball
1-0: Foul Ball, location: 2F
1-1: Swinging Strike
1-2: Foul Ball, location: 2F
1-2: Foul Ball, location: 2F
1-2: Ball
2-2: SINGLE (Flyball, 5D, EV 95.6 MPH)
Batting: LHB Jorge Quintana 0-0: Swinging Strike
0-1: Foul Ball, location: 2F
0-2: Ball
1-2: Ball
2-2: SINGLE (Flyball, 78S, EV 93.1 MPH)
Ron Corn to second
Batting: RHB Adam Kaeser 0-0: 3-RUN HOME RUN (Flyball, 7D, EV 98.1 MPH), Distance : 373 ft
Batting: RHB Zach Chmieleski 0-0: Called Strike
0-1: Swinging Strike
0-2: Ball
1-2: Strikes out swinging
Batting: RHB Caleb Russell 0-0: Called Strike
0-1: Ball
1-1: TRIPLE (Line Drive, 7LD, EV 110.0 MPH)
Batting: RHB Chris Pozzi 0-0: Called Strike
0-1: Foul Ball, location: 2F
0-2: Ball
1-2: Ball
2-2: Ball
3-2: Base on Balls
Batting: RHB Richard Barrios 0-0: Ball
Chris Pozzi steals 2nd base (no throw)
1-0: Foul Ball, location: 2F
1-1: Ground out 1-3 (Groundball, 13S, EV 68.8 MPH)
Batting: RHB Freddy Quintero 0-0: Ball
1-0: Ground out 3-1 (Groundball, 34S, EV 80.0 MPH)
Top of the 4th over - 3 runs, 4 hits, 0 errors, 2 left on base; Indianapolis 3 - Reno 0
BOTTOM OF THE 4TH
Reno Aces batting - Pitching for Indianapolis Indians : RHP Justin Jones
Batting: LHB Ian Jarvis 0-0: Called Strike
0-1: Foul Ball, location: 2F
0-2: Foul Ball, location: 2F
0-2: Ball
1-2: Fly out, F9 (Flyball, 89M, EV 95.0 MPH)
Batting: RHB Seth Tramontano 0-0: Ball
1-0: Called Strike
1-1: Foul Ball, location: 2F
1-2: Fly out, F3 (Line Drive, 3, EV 72.5 MPH)
Batting: RHB Dustin Clark 0-0: Ball
1-0: TRIPLE (Flyball, 78XD, EV 100.6 MPH)
Batting: LHB Sam Dowdy 0-0: Foul Ball, location: 2F
0-1: Fly out, F7 (Line Drive, 7D, EV 88.1 MPH)
Bottom of the 4th over - 0 runs, 1 hit, 0 errors, 1 left on base; Indianapolis 3 - Reno 0
TOP OF THE 5TH
Indianapolis Indians batting - Pitching for Reno Aces : RHP Marcos Tejeda
Batting: RHB Slamet Pamungkas 0-0: Ball
1-0: Ball
2-0: Ball
3-0: Called Strike
3-1: Base on Balls
Batting: RHB Ron Corn 0-0: Fly out, F9 (Flyball, 9LM, EV 80.6 MPH)
Batting: LHB Jorge Quintana 0-0: Ball
1-0: Called Strike
1-1: Ball
Slamet Pamungkas steals 2nd base (no throw)
2-1: Fly out, F7 (Flyball, 78S, EV 88.8 MPH)
Batting: RHB Adam Kaeser 0-0: Fly out, F8 (Line Drive, 8LM, EV 85.6 MPH)
Top of the 5th over - 0 runs, 0 hits, 0 errors, 1 left on base; Indianapolis 3 - Reno 0
BOTTOM OF THE 5TH
Reno Aces batting - Pitching for Indianapolis Indians : RHP Justin Jones
Batting: RHB Roberto Rodriguez 0-0: Ball
1-0: Ball
2-0: Ground out 6-3 (Groundball, 6, EV 83.1 MPH)
Batting: RHB Marlon Reda 0-0: Foul Ball, location: 2F
0-1: Ball
1-1: Ball
2-1: Ball
3-1: Base on Balls
Batting: RHB Ji-an Li 0-0: Called Strike
0-1: Foul Ball, location: 2F
0-2: Ball
1-2: Grounds into double play, 4-6-3 (Groundball, 4, EV 83.8 MPH)
Bottom of the 5th over - 0 runs, 0 hits, 0 errors, 0 left on base; Indianapolis 3 - Reno 0
TOP OF THE 6TH
Indianapolis Indians batting - Pitching for Reno Aces : RHP Marcos Tejeda
Batting: RHB Zach Chmieleski 0-0: Called Strike
0-1: Foul Ball, location: 2F
0-2: Strikes out swinging
Batting: RHB Caleb Russell 0-0: SINGLE (Line Drive, 34D, EV 103.1 MPH)
Batting: RHB Chris Pozzi 0-0: Ball
1-0: Foul Ball, location: 2F
1-1: Foul Ball, location: 2F
1-2: Ball
2-2: Ball
3-2: Base on Balls
Caleb Russell to second
Batting: RHB Richard Barrios 0-0: Ball
1-0: DOUBLE (Line Drive, 7LM, EV 91.2 MPH)
Caleb Russell scores
Chris Pozzi to third
Batting: RHB Freddy Quintero 0-0: Ball
1-0: Called Strike
1-1: Swinging Strike
1-2: Strikes out looking
Batting: RHB Slamet Pamungkas 0-0: Ball
1-0: SINGLE (Groundball, 3S, EV 62.5 MPH) (infield hit)
Chris Pozzi scores
Richard Barrios to third
Pitching: RHP Josh Pugh
Batting: RHB Ron Corn 0-0: Called Strike
0-1: Ball
1-1: SINGLE (Line Drive, 89S, EV 92.5 MPH)
Richard Barrios scores
Slamet Pamungkas to second
Runner from 2nd tries for 3rd, SAFE, throw by RF made to third
Pinch Runner at 3rd Jose Almonte:
Batting: LHB Jorge Quintana 0-0: Fielders Choice at 2nd, U6 (Groundball, 6M, EV 87.5 MPH)
Top of the 6th over - 3 runs, 4 hits, 0 errors, 2 left on base; Indianapolis 6 - Reno 0
BOTTOM OF THE 6TH
Reno Aces batting - Pitching for Indianapolis Indians : RHP Justin Jones
Now at 2B: Jose Almonte
Now at SS: Richard Barrios
Batting: RHB Chris Stillions 0-0: DOUBLE (Groundball, 5L, EV 109.4 MPH)
Batting: LHB Bobby Arevalo 0-0: Ball
1-0: Ground out 6-3 (Groundball, 56, EV 85.6 MPH)
Batting: LHB Ian Jarvis 0-0: Ball
1-0: Ball
2-0: Called Strike
2-1: Swinging Strike
2-2: Ball
3-2: Foul Ball, location: 2F
3-2: Ground out 4-3 (Groundball, 4, EV 106.9 MPH)
Chris Stillions to third
Batting: RHB Seth Tramontano 0-0: Called Strike
0-1: Swinging Strike
0-2: Ground out 5-3 (Groundball, 5S, EV 81.2 MPH)
Bottom of the 6th over - 0 runs, 1 hit, 0 errors, 1 left on base; Indianapolis 6 - Reno 0
TOP OF THE 7TH
Indianapolis Indians batting - Pitching for Reno Aces : RHP Josh Pugh
Batting: RHB Adam Kaeser 0-0: Ball
1-0: Swinging Strike
1-1: Foul Ball, location: 2F
1-2: Ball
2-2: Fly out, F7 (Line Drive, 78M, EV 102.5 MPH)
Batting: RHB Zach Chmieleski 0-0: Ball
1-0: Foul Ball, location: 2F
1-1: SINGLE (Groundball, 4D, EV 94.4 MPH)
Batting: RHB Caleb Russell 0-0: Ball
1-0: SINGLE (Groundball, 56D, EV 97.5 MPH)
Zach Chmieleski to second
Batting: RHB Chris Pozzi 0-0: Ball
1-0: Foul Ball, location: 2F
1-1: Ball
2-1: Foul Ball, location: 2F
2-2: Grounds into double play, 4-6-3 (Groundball, 4, EV 80.6 MPH)
Top of the 7th over - 0 runs, 2 hits, 0 errors, 1 left on base; Indianapolis 6 - Reno 0
BOTTOM OF THE 7TH
Reno Aces batting - Pitching for Indianapolis Indians : RHP Justin Jones
Batting: RHB Dustin Clark 0-0: Fly out, F8 (Flyball, 8RXD, EV 90.6 MPH)
Batting: LHB Sam Dowdy 0-0: Foul Ball, location: 2F
0-1: Hit by Pitch
Pinch Runner at 1st Kyle Beaulieu:
Batting: RHB Roberto Rodriguez 0-0: Ball
1-0: Foul Ball, location: 2F
1-1: Ball
Kyle Beaulieu is caught stealing 2nd base 2-4
2-1: SINGLE (Groundball, 6MS, EV 71.9 MPH) (infield hit)
Batting: RHB Marlon Reda 0-0: Called Strike
0-1: Swinging Strike
0-2: Fielders Choice at 2nd, 5-4 (Groundball, 5, EV 100.0 MPH)
Bottom of the 7th over - 0 runs, 1 hit, 0 errors, 1 left on base; Indianapolis 6 - Reno 0
TOP OF THE 8TH
Indianapolis Indians batting - Pitching for Reno Aces : RHP Josh Pugh
Now at 1B: Bobby Arevalo
Now at 2B: Kyle Beaulieu
Now at 3B: Dustin Clark
Now at SS: Marlon Reda
Batting: RHB Richard Barrios 0-0: Called Strike
0-1: Swinging Strike
0-2: Ball
1-2: Foul Ball, location: 2F
1-2: Strikes out swinging
Batting: RHB Freddy Quintero 0-0: Ball
1-0: Ground out 6-3 (Groundball, 6, EV 83.1 MPH)
Batting: RHB Jose Almonte 0-0: Ball
1-0: Ground out 6-3 (Groundball, 6, EV 86.9 MPH)
Top of the 8th over - 0 runs, 0 hits, 0 errors, 0 left on base; Indianapolis 6 - Reno 0
BOTTOM OF THE 8TH
Reno Aces batting - Pitching for Indianapolis Indians : RHP Justin Jones
Batting: RHB Ji-an Li 0-0: Called Strike
0-1: Called Strike
0-2: Strikes out looking
Batting: RHB Chris Stillions 0-0: Called Strike
0-1: Ground out 6-3 (Groundball, 6MD, EV 88.8 MPH)
Batting: LHB Bobby Arevalo 0-0: Ball
1-0: Foul Ball, location: 2F
1-1: Ground out 5-3 (Groundball, 56S, EV 93.1 MPH)
Bottom of the 8th over - 0 runs, 0 hits, 0 errors, 0 left on base; Indianapolis 6 - Reno 0
TOP OF THE 9TH
Indianapolis Indians batting - Pitching for Reno Aces : RHP Josh Pugh
Batting: RHB Ron Corn 0-0: Ball
1-0: SINGLE (Groundball, 5S, EV 74.4 MPH) (infield hit)
Batting: LHB Jorge Quintana 0-0: Foul Ball, location: 2F
0-1: Foul Ball, location: 2F
0-2: Reached on error, E4 (Groundball, 4, EV 83.8 MPH)
Ron Corn to second
Batting: RHB Adam Kaeser 0-0: Swinging Strike
0-1: Fly out, F6 (Line Drive, 6M, EV 70.6 MPH)
Batting: RHB Zach Chmieleski 0-0: Ball
1-0: Ball
2-0: Ball
3-0: Base on Balls
Ron Corn to third
Jorge Quintana to second
Batting: RHB Caleb Russell 0-0: SINGLE (Groundball, 56S, EV 61.9 MPH) (infield hit)
Ron Corn scores
Jorge Quintana to third
Zach Chmieleski to second
Batting: RHB Chris Pozzi 0-0: Called Strike
0-1: Ball
1-1: Ball
Wild Pitch!
Jorge Quintana scores
Zach Chmieleski to third
Caleb Russell to second
2-1: Swinging Strike
2-2: Ball
3-2: Fly out, F8 (Flyball, 8LM, EV 86.2 MPH)
Batting: RHB Richard Barrios 0-0: Called Strike
0-1: Ground out 2-3 (Groundball, 2R, EV 61.9 MPH)
Top of the 9th over - 2 runs, 2 hits, 1 error, 2 left on base; Indianapolis 8 - Reno 0
BOTTOM OF THE 9TH
Reno Aces batting - Pitching for Indianapolis Indians : RHP Justin Jones
Pinch Hitting: LHB Katsunan Akimoto 0-0: Foul Ball, location: 2F
0-1: Called Strike
0-2: Ball
1-2: Ball
2-2: Foul Ball, location: 2F
2-2: Foul Ball, location: 2F
2-2: Ground out 4-3 (Groundball, 4, EV 98.8 MPH)
Pinch Hitting: RHB R.J. Anchondo 0-0: Swinging Strike
0-1: Ball
1-1: Ground out 5-3 (Groundball, 56, EV 77.5 MPH)
Pinch Hitting: RHB Vinny Vasquez 0-0: Ball
1-0: Ball
2-0: Ball
3-0: Called Strike
3-1: Called Strike
3-2: SINGLE (Line Drive, 6M, EV 104.4 MPH)
Pinch Hitting: RHB Edgar Garcia 0-0: Ball
1-0: Ball
2-0: Ball
3-0: Base on Balls
Vinny Vasquez to second
Batting: RHB Roberto Rodriguez 0-0: Ball
1-0: Ball
2-0: Ball
3-0: Base on Balls
Vinny Vasquez to third
Edgar Garcia to second
Batting: RHB Marlon Reda 0-0: Ball
1-0: Foul Ball, location: 2F
1-1: SINGLE (Flyball, 3D, EV 90.0 MPH)
Vinny Vasquez scores
Edgar Garcia to third
Roberto Rodriguez to second
Pitching: RHP Mario Medrano
Pinch Hitting: SHB Gerardo Flores 0-0: Called Strike
0-1: Ball
1-1: Foul Ball, location: 2F
1-2: Ball
2-2: Foul Ball, location: 2F
2-2: Ball
3-2: Foul Ball, location: 2F
3-2: Strikes out swinging
Bottom of the 9th over - 1 run, 2 hits, 0 errors, 3 left on base; Indianapolis 8 - Reno 1
Thursday, December 15th , 2022 - OOTP Baseball 23.9 Build 102